 Dungeon Crawl Stone Soup version 0.22.0-38-g04b72b8 (webtiles) character file.

233 iamserjio the Slasher (level 6, -2/37 HPs)
             Began as a Tengu Gladiator on Aug 28, 2018.
             Killed from afar by an orc wizard (7 damage)
             ... with a magic dart
             ... on level 2 of the Dungeon.
             The game lasted 00:03:48 (2399 turns).

iamserjio the Slasher (Tengu Gladiator)             Turns: 2399, Time: 00:03:49

Health: -2/37      AC:  3    Str: 15    XL:     6   Next: 5%
Magic:  7/7        EV: 14    Int:  8    God:
Gold:   156        SH:  0    Dex: 17    Spells: 5/5 levels left

rFire    . . .     SeeInvis .   a - +0 long sword
rCold    . . .     Gourm    .   (no shield)
rNeg     . . .     Faith    .   b - +0 leather armour
rPois    .         Spirit   .   c - +0 hat
rElec    .         Reflect  .   (no cloak)
rCorr    .         Harm     .   (no gloves)
MR       .....                  (boots unavailable)
Stlth    +.........             (no amulet)
HPRegen  0.12/turn              (no ring)
MPRegen  0.10/turn              (no ring)

@: very slightly contaminated, invisible
A: beak, talons 3, able to fly 1
a: Fly


You were on level 2 of the Dungeon.
You were hungry.

You visited 1 branch of the dungeon, and saw 3 of its levels.

You collected 156 gold pieces.

Inventory:

Hand Weapons
 a - a +0 long sword (weapon)
Missiles
 o - 83 stones (quivered)
 s - 14 arrows
Armour
 b - a +0 leather armour (worn)
 c - a +0 hat (worn)
Jewellery
 l - an uncursed amulet of rage {unknown}
 p - an uncursed ring of protection from magic {unknown}
Scrolls
 e - 4 scrolls of remove curse {unknown}
 g - 2 scrolls of enchant armour {unknown}
 h - a scroll of fog {unknown}
 i - 5 scrolls of identify {unknown}
 m - 2 scrolls of amnesia {unknown}
Potions
 j - a potion of haste
 r - a potion of heal wounds {unknown}
Comestibles
 f - 6 rations


   Skills:
 + Level 3.4 Fighting
 * Level 5.6 Long Blades
 - Level 2.0 Throwing
 + Level 4.5 Dodging


You had 5 spell levels left.
You didn't know any spells.
Your spell library was empty.

Dungeon Overview and Level Annotations

Branches:
Dungeon (3/15)

Altars:


Innate Abilities, Weirdness & Mutations

You have a beak for a mouth.
You have claws for feet.
You can fly.


Message History

The orc wizard is moderately wounded.
The orc wizard hits you with a dagger.
* * * LOW HITPOINT WARNING * * *
Throwing (i - inventory. (/) - cycle)
d - a throwing net (quivered)
{!f}
Press: ? - help, Shift-Dir - straight line, f - orc wizard
Aim: an orc wizard, wielding a dagger and wearing a robe (moderately wounded, fast) Really fire
d - a throwing net {!f}?
You throw a throwing net {!f}.
The throwing net {!f} hits the orc wizard.
The orc wizard is caught in the net!
The orc wizard is moderately wounded.
The orc wizard struggles against the net. x2
You barely miss the orc wizard. You peck the orc wizard.
The orc wizard is severely wounded.
The orc wizard struggles against the net.
You hit the orc wizard. You peck the orc wizard.
The orc wizard is almost dead.
The orc wizard casts a spell at you. The magic dart hits you!
You die...

####################
#......#...........#########
######.####......................
#..............o.##.##..##......#
#.####.####.#.##@##.##..##.####..
#.##...# #.#.##.##.##..#######..
#.#....####.#.##....##..#.....#..
..............##..###...#.###.#..
#.#...#.###...##..# #.......#.#).
#.##.##.# #...##..# #...#####.###
#.##.##.# #...##..###<..# #....
#.##.##.# #.............# #####
#.##.##.###..###..###...# #


You could see an orc wizard (caught).

Vanquished Creatures
  A centaur (D:3)
  Terence (D:2)
  3 adders
  An ooze (D:2)
  A worm (D:2)
  2 dart slugs (D:1)
  2 leopard geckos
  An orc (D:3)
  2 ball pythons
  9 goblins
  4 hobgoblins
  10 jackals
  5 kobolds
  A quokka (D:3)
  11 bats
  5 frilled lizards
  7 rats
66 creatures vanquished.

Vanquished Creatures (others)
  An orc wizard (D:3)
1 creature vanquished.

Grand Total: 67 creatures vanquished

Notes
Turn   | Place    | Note
-------+----------+-------------------------------------------
     0 | D:1      | iamserjio the Tengu Gladiator began the quest for the Orb.
     0 | D:1      | Reached XP level 1. HP: 12/12 MP: 2/2
    74 | D:1      | Reached XP level 2. HP: 14/17 MP: 3/3
   346 | D:1      | Reached skill level 4 in Long Blades
   346 | D:1      | Reached XP level 3. HP: 22/22 MP: 4/4
   867 | D:2      | Reached XP level 4. HP: 24/27 MP: 5/5
  1123 | D:2      | Noticed Terence
  1217 | D:2      | Killed Terence
  1610 | D:3      | Noticed a centaur
  1950 | D:3      | Killed a centaur
  1950 | D:3      | Reached skill level 5 in Long Blades
  1950 | D:3      | Gained mutation: You can fly. [Tengu growth]
  1950 | D:3      | Reached XP level 5. HP: 17/32 MP: 6/6
  2353 | D:3      | Reached XP level 6. HP: 20/37 MP: 7/7
  2399 | D:2      | Killed from afar by an orc wizard

Skill      XL: |  1  2  3  4 |
---------------+-------------+-----
Long Blades    | 4 5 |  5.6
Dodging        | 4 |  4.5
Fighting       | 3 |  3.4
Throwing       | |  2.0

Action                   |  1- 3 |  4- 6 || total
-------------------------+-------+-------++-------
Melee: Long sword        |    68 |    55 ||   123
       Kick              |    18 |    18 ||    36
       Peck              |    11 |    19 ||    30
Throw: Throwing net      |       |     4 ||     4
 Abil: Fly               |       |     1 ||     1
  Use: Potion            |       |     3 ||     3
 Stab: Held in net/web   |       |     3 ||     3
       Sleeping          |       |     2 ||     2
  Eat: Chunk             |       |     4 ||     4
Armor: Leather armour    |    26 |    11 ||    37
Dodge: Dodged            |    63 |    58 ||   121
       Rpst.: Long sword |    17 |    15 ||    32
